 Dungeon Crawl Stone Soup version 0.26-b1-52-g61e05abef2 (webtiles) character file.

Game seed: 1642908329270609212

117 FancyManDan the Skirmisher (level 4, -5/36 HPs)
             Began as a Demonspawn Abyssal Knight on Jan 7, 2021.
             Was a Believer of Lugonu.
             Killed from afar by a white imp (9 damage)
             ... with a puff of frost
             ... on level 3 of the Dungeon.
             The game lasted 00:09:51 (2128 turns).

FancyManDan the Skirmisher (DsAK)                   Turns: 2128, Time: 00:09:51

Health: -5/36      AC:  3    Str: 13    XL:     4   Next: 71%
Magic:  6/6        EV: 12    Int: 14    God:    Lugonu [**....]
Gold:   108        SH:  0    Dex: 12    Spells: 3/3 levels left

rFire    . . .     SeeInvis .   a - +1 hand axe
rCold    . . .     Faith    .   (no shield)
rNeg     . . .     Spirit   .   b - +0 leather armour
rPois    .         Reflect  .   (helmet restricted)
rElec    .         Harm     .   (no cloak)
rCorr    .         Rampage  .   (no gloves)
Will     .....                  (no boots)
Stlth    +.........             (no amulet)
HPRegen  0.12/turn              (no ring)
MPRegen  0.10/turn              (no ring)

@: no status effects
A: horns 1, spiny 1
a: Renounce Religion, Depart the Abyss, Bend Space


You were on level 3 of the Dungeon.
You worshipped Lugonu.
Lugonu was pleased with you.
You visited 1 branch of the dungeon, and saw 3 of its levels.
You visited the Abyss 1 time.

You collected 108 gold pieces.

Inventory:

Hand Weapons
 a - a +1 hand axe (weapon)
Armour
 b - a +0 leather armour (worn)
 m - a +0 scale mail
Jewellery
 n - an uncursed ring of fire {unknown}
Scrolls
 f - 3 scrolls of identify {unknown}
 g - a scroll of fog {unknown}
 h - a scroll of noise {unknown}
 o - a scroll of enchant weapon {unknown}
 p - a scroll of remove curse {unknown}
Potions
 c - 2 potions of curing {unknown}
 d - 2 potions of heal wounds {unknown}
 e - a potion of berserk rage {unknown}
 i - 2 potions of might {unknown}
 j - a potion of brilliance {unknown}
 k - a potion of mutation {unknown}
 l - a potion of flight {unknown}


   Skills:
 + Level 3.6 Fighting
 + Level 2.5 Axes
 + Level 2.5 Armour
 + Level 1.9 Dodging
 + Level 3.5 Invocations


You had 3 spell levels left.
You didn't know any spells.
Your spell library was empty.

Dungeon Overview and Level Annotations

Branches:
Dungeon (3/15)

Altars:


Innate Abilities, Weirdness & Mutations

You have a pair of small horns on your head.
You are partially covered in sharp spines.


Message History

The white imp barely misses you.
A gnoll comes into view. It is wielding a +0 flail.
You see here a quokka corpse.
You closely miss the white imp.
The gnoll shouts!
You hear a shout!
The white imp hits you. The white imp freezes you.
* * * LOW HITPOINT WARNING * * *
You barely miss the white imp.
You headbutt the white imp, but do no damage.
The white imp hits you.
* * * LOW HITPOINT WARNING * * *
The white imp freezes you.
* * * LOW HITPOINT WARNING * * *
The white imp gestures at you. The puff of frost hits you.
* * * LOW HITPOINT WARNING * * *
You barely miss the white imp. The white imp gestures at you.
The puff of frost hits you!
You die...

#.....# ##..#
###.###.#
######..##
#...#
#.###...#..##
#.###
#.....#...##
#.#
###########
#.# #.###
#...# ###@#
#5g..# #....#
.......
####.....
.###. #


You could see a gnoll and a white imp.

Vanquished Creatures
  Ijyb (D:3)
  Robin (D:2)
  An adder (D:3)
  An ooze (D:1)
  2 dart slugs
  A leopard gecko (D:1)
  An orc (D:3)
  2 giant cockroaches
  13 goblins
  10 hobgoblins
  A quokka (D:3)
  2 ball pythons (D:1)
  A bat (D:1)
  A frilled lizard (D:3)
  9 kobolds
  10 rats
57 creatures vanquished.

Notes
Turn   | Place    | Note
-------+----------+-------------------------------------------
     0 | Abyss:1  | FancyManDan the Demonspawn Abyssal Knight began the quest
                  | for the Orb.
     0 | Abyss:1  | Reached XP level 1. HP: 18/18 MP: 2/2
    38 | Abyss:2  | Found a corrupted altar of Lugonu.
    75 | Abyss:2  | Noticed a blink frog
    80 | D:1      | Escaped the Abyss
   363 | D:1      | Reached skill level 1 in Dodging
   370 | D:1      | Reached * piety under Lugonu
   374 | D:1      | Gained mutation: You have a pair of small horns on your
                  | head. [demonic ancestry]
   374 | D:1      | Reached XP level 2. HP: 12/24 MP: 3/3
   755 | D:1      | Gained mutation: You are partially covered in sharp spines.
                  | [demonic ancestry]
   755 | D:1      | Reached XP level 3. HP: 28/29 MP: 5/5
  1287 | D:2      | Noticed Robin
  1289 | D:2      | Reached ** piety under Lugonu
  1300 | D:2      | Killed Robin
  1522 | D:2      | Reached XP level 4. HP: 35/35 MP: 6/6
  1580 | D:3      | Noticed Ijyb
  1581 | D:3      | Paralysed by Ijyb for 2 turns
  1594 | D:3      | Paralysed by Ijyb for 6 turns
  1603 | D:3      | Paralysed by Ijyb for 6 turns
  1623 | D:3      | Killed Ijyb
  2128 | D:3      | Killed from afar by a white imp

Illustrated notes

Levels and vault maps discovered:
D:1:      dpeg_arrival_solitude, layout_basic
D:2:      layout_basic, uniq_robin
D:3:      kennysheep_six_static_rooms, layout_basic,
          nicolae_overflow_crystal_walls, kennysheep_generic_room_14, uniq_ijyb

Skill      XL: |  1  2 |
---------------+-------+-----
Dodging        | 1 |  1.9
Axes           | 2 |  2.5
Armour         | 2 |  2.5
Invocations    | 3 |  3.5
Fighting       | |  3.6

Action                   |  1- 3 |  4- 6 || total
-------------------------+-------+-------++-------
Melee: Hand axe          |    89 |    48 ||   137
       Headbutt          |     8 |     8 ||    16
Invok: Depart the Abyss  |     1 |       ||     1
Armor: Leather armour    |    15 |    11 ||    26
Dodge: Dodged            |    46 |    18 ||    64
